Map: Emerald City LE

Players

Massa

  • Race: Terran Terran
  • League: Platinum
  • Spawn Location: 11:00

qqq

  • Race: Protoss Protoss
  • Spawn Location: 11:00

natar - Winner!

  • Race: Terran Terran
  • Spawn Location: 5:00

MathewP - Winner!

  • Race: Protoss Protoss
  • Spawn Location: 5:00

VOD

Have the link to the VOD?

Description

Time

  • Played on: Oct. 10, 2020, 5:51 p.m.
  • Length: 13:08
Show
View Real Time Build Order
Export as new Build Order

Massa Terran 

Build Orders:  

Get SALT Encoding   

  12  0:00  SCV  
  13  0:12  SCV  
  14  0:21  Supply Depot  
  14  0:24  SCV  
  15  0:37  Refinery  
  15  0:43  SCV  
  15  0:45  Barracks  
  16  0:55  SCV  
  17  1:08  SCV  
  18  1:20  SCV  
  19  1:32  SCV  
  20  1:37  Supply Depot  
  20  1:40  Reaper  
  21  1:52  Command Center  
  21  1:57  Orbital Command  
  20  2:12  Marine  
  21  2:29  SCV  
  22  2:32  Refinery  
  22  2:37  Supply Depot  
  22  2:41  SCV  
  22  2:43  Factory  
  23  2:47  Barracks Reactor  
  23  2:53  SCV  
  24  3:05  Orbital Command, SCV  
  24  3:11  Engineering Bay  
  25  3:16  Supply Depot  
  25  3:19  SCV  
  26  3:24  Marine x2  
  28  3:28  Widow Mine  
  28  3:31  SCV  
  28  3:32  SCV  
  32  3:41  Marine  
  32  3:42  Marine  
  32  3:43  Starport, SCV  
  32  3:44  SCV  
  36  3:50  Widow Mine  
  38  3:59  Marine x2, Supply Depot  
  40  4:03  SCV x2  
  40  4:07  Missile Turret  
  42  4:11  Missile Turret  
  42  4:14  Missile Turret  
  42  4:15  SCV x2  
  44  4:17  Factory Tech Lab  
  44  4:18  Marine  
  44  4:20  Marine  
  46  4:27  SCV x2  
  48  4:36  Medivac  
  50  4:39  Siege Tank  
  50  4:41  Marine x2  
  50  4:43  SCV x2  
  57  4:55  SCV  
  58  5:01  Marine x2  
  58  5:05  Refinery  
  60  5:10  Barracks  
  60  5:11  Starport Tech Lab  
  60  5:13  Barracks  
  60  5:14  Liberator  
  63  6:06  Marine x2  
  63  6:09  Barracks Reactor, Barracks Tech Lab  
  65  6:15  Missile Turret  
  65  6:17  Refinery  
  65  6:22  Terran Infantry Armor Level 1  
  65  6:24  Marine x2, Command Center  
  67  6:27  Armory  
  67  6:28  Medivac  
  69  6:36  Missile Turret  
  69  6:42  Marine  
  69  6:46  Marine  
  69  7:00  Marine  
  70  7:10  Supply Depot  
  70  7:11  Supply Depot  
  70  7:12  Supply Depot  
  70  7:13  Marine, Viking, Siege Tank  
  70  7:14  Supply Depot  
  76  7:17  Marine  
  76  7:18  Terran Vehicle Weapons Level 1  
  77  7:31  Marine  
  77  7:35  Marine, Supply Depot  
  79  7:43  Viking  
  81  7:44  Stimpack  
  81  7:48  Marine  
  78  8:14  SCV x2  
  78  8:16  Marine x2  
  78  8:17  Siege Tank  
  85  8:26  SCV x2  
  87  8:33  Marine  
  87  8:34  Marine  
  87  8:38  SCV  
  87  8:39  SCV  
  83  8:50  SCV  
  83  8:51  SCV, Marauder, Marine x2  
  83  8:52  Marine x2  
  91  9:02  SCV  
  92  9:03  SCV  
  92  9:06  Missile Turret  
  92  9:07  Missile Turret  
  92  9:08  Missile Turret x2  
  92  9:09  Marine x4  
  95  9:11  Starport Reactor  
  95  9:12  Marauder  
  95  9:13  Cyclone  
  102  9:19  Terran Infantry Armor Level 2  
  102  9:23  Combat Shield  
  102  9:24  Engineering Bay  
  102  9:27  Marine x4  
  102  9:28  Armory  
  106  9:32  Drilling Claws, Command Center  
  106  9:34  Marauder  
  108  9:44  Marine  
  108  9:45  Widow Mine, Marine x3  
  114  9:55  Marauder  
  116  10:02  Marine  
  116  10:03  Marine  
  118  10:13  Supply Depot  
  118  10:14  Supply Depot x2  
  118  10:15  Supply Depot x2  
  118  10:17  Supply Depot  
  118  10:18  Supply Depot x2  
  118  10:34  Marine x4  
  118  10:35  Widow Mine, Marauder  
  126  10:38  Supply Depot  
  126  10:40  Supply Depot  
  88  10:52  Marine x4  
  88  10:56  Marine  
  93  11:10  Marine x4  
  97  11:13  Marine  
  97  11:16  Siege Tank  
  99  11:20  Viking x2  
  103  11:28  Marine x4  
  103  11:31  Marine  
  108  11:45  Marine x4  
  112  11:48  Siege Tank  
  112  11:49  Marine  
  112  11:50  Viking  
  118  11:58  Command Center  
  118  12:00  Planetary Fortress  
  118  12:03  Marine x4  
  118  12:05  Missile Turret  
  118  12:07  Marauder  
  103  12:33  SCV x2  
  105  12:42  Marine  
  105  12:43  Marine x4  
  96  12:45  SCV  
Show
View Real Time Build Order
Export as new Build Order

qqq Protoss 

Build Orders: Dark Templar Rush 

Get SALT Encoding   

  12  0:01  Probe  
  13  0:14  Probe  
  14  0:26  Probe  
  15  0:31  Pylon  
  15  0:44  Pylon  
  15  0:49  Probe  
  16  1:02  Probe  
  17  1:12  Pylon  
  17  1:14  Probe, Gateway  
  18  1:24  Assimilator  
  18  1:26  Probe  
  19  1:38  Probe  
  20  1:50  Probe  
  21  2:00  Nexus  
  21  2:02  Probe  
  22  2:13  Zealot  
  22  2:14  Probe  
  25  2:16  Cybernetics Core  
  25  2:27  Probe  
  26  2:31  Assimilator  
  25  2:39  Probe  
  25  2:44  Gateway  
  26  2:50  Zealot  
  26  2:51  Probe  
  29  3:03  Probe (Chrono Boost)  
  31  3:14  Probe (Chrono Boost)  
  31  3:17  Twilight Council, Zealot  
  31  3:19  Probe (Chrono Boost)  
  34  3:20  Probe (Chrono Boost)  
  35  3:29  Probe  
  35  3:30  Adept  
  35  3:31  Probe  
  39  3:42  Probe  
  39  3:43  Probe  
  39  3:44  Adept  
  43  3:52  Charge (Chrono Boost)  
  43  3:54  Probe  
  44  3:57  Dark Shrine  
  44  4:00  Probe, Zealot  
  47  4:06  Probe  
  48  4:12  Probe  
  48  4:14  Adept  
  51  4:18  Probe  
  52  4:27  Zealot  
  54  4:34  Robotics Facility  
  54  4:36  Pylon  
  54  4:37  Gateway  
  54  4:48  Pylon  
  54  4:54  Adept  
  56  5:06  Adept  
  54  5:23  Resonating Glaives  
  54  5:24  Dark Templar  
  56  5:33  Zealot  
  58  5:36  Zealot  
  48  6:01  Dark Templar (Chrono Boost)  
  48  6:02  Gateway  
  48  6:03  Zealot (Chrono Boost)  
  52  6:04  Pylon  
  52  6:05  Zealot (Chrono Boost)  
  52  6:07  Pylon  
  52  6:08  Pylon  
  52  6:12  Gateway x2  
  52  6:15  Warp Prism  
  54  6:27  Dark Templar (Chrono Boost)  
  58  6:35  Zealot (Chrono Boost), Dark Templar (Chrono Boost)  
  58  6:37  Gateway  
  58  6:38  Probe  
  55  6:57  Zealot  
  55  6:58  Nexus  
  55  7:10  Zealot x2, Dark Templar  
  55  7:11  Zealot  
  57  7:24  Zealot  
  55  7:33  Zealot  
  57  7:37  Zealot  
  57  7:38  Zealot x2  
  57  7:40  Dark Templar  
  64  7:49  Zealot  
  66  7:51  Zealot  
  62  8:00  Zealot  
  62  8:05  Dark Templar  
  64  8:07  Zealot x2  
  68  8:16  Zealot  
  68  8:18  Zealot  
  68  8:19  Zealot  
  68  8:27  Zealot  
  58  8:36  Zealot x2  
  62  8:43  Zealot  
  62  8:44  Zealot  
  62  8:45  Zealot  
  62  8:46  Probe, Dark Templar  
  71  8:54  Dark Templar  
  73  8:56  Nexus  
  73  8:57  Forge  
  73  9:03  Zealot, Dark Templar  
  73  9:06  Nexus  
  77  9:10  Zealot  
  77  9:11  Zealot  
  77  9:12  Pylon  
  77  9:13  Zealot  
  77  9:15  Pylon  
  79  9:17  Cybernetics Core  
  75  9:25  Zealot  
  75  9:30  Dark Templar  
  79  9:33  Zealot  
  79  9:37  Zealot  
  83  9:47  Pylon  
  83  9:50  Zealot, Pylon, Dark Templar x2  
  83  9:52  Zealot  
  91  9:53  Pylon  
  91  10:00  Zealot  
  91  10:05  Zealot  
  77  10:21  Zealot, Dark Templar  
  77  10:22  Zealot  
  77  10:27  Zealot  
  73  10:38  Zealot x2  
  73  10:39  Zealot  
  77  10:49  Zealot x2  
  77  10:54  Stalker  
  75  11:00  Stalker  
  75  11:03  Probe x2  
  79  11:05  Stalker  
  79  11:06  Zealot, Dark Templar  
  81  11:15  Probe  
  81  11:16  Probe, Zealot x2  
  79  11:27  Probe  
  79  11:28  Probe  
  82  11:40  Probe  
  82  11:42  Zealot  
  82  11:43  Zealot x4  
  82  11:44  Probe  
  91  11:48  Photon Cannon  
  91  11:52  Probe  
  80  12:04  Probe  
  78  12:09  Zealot x2  
  78  12:16  Probe  
  65  12:28  Probe  
  62  12:40  Probe  
  63  12:45  Nexus  
  77  12:52  Probe  
Show
View Real Time Build Order
Export as new Build Order

natar Terran - Winner!

Build Orders: Mech 

Get SALT Encoding   

  12  0:00  SCV  
  13  0:12  SCV  
  14  0:19  Supply Depot  
  14  0:25  SCV  
  15  0:41  SCV  
  15  0:42  Barracks  
  16  0:48  Refinery  
  16  0:53  SCV  
  17  1:08  SCV  
  18  1:23  SCV  
  19  1:33  Barracks Reactor  
  19  1:38  Command Center  
  19  1:52  Orbital Command  
  19  2:10  Marine x2, Supply Depot  
  21  2:20  SCV  
  21  2:25  Factory  
  21  2:36  SCV  
  21  2:37  Refinery  
  22  2:38  Marine  
  22  2:41  Marine  
  24  2:48  SCV  
  25  2:56  Marine  
  26  2:58  Marine  
  26  3:05  SCV  
  28  3:07  Orbital Command  
  28  3:09  Factory Tech Lab  
  28  3:17  SCV  
  28  3:19  Marine x2  
  31  3:29  Siege Tank  
  31  3:33  SCV  
  35  3:36  SCV  
  35  3:38  Marine x2  
  38  3:48  SCV  
  39  3:54  Starport  
  39  3:56  Supply Depot  
  39  3:59  SCV  
  39  4:00  SCV  
  41  4:11  SCV  
  41  4:12  SCV  
  41  4:13  Refinery x2, Siege Tank  
  46  4:30  Supply Depot  
  46  4:32  Supply Depot  
  46  4:35  SCV x2  
  48  4:41  Starport Tech Lab  
  48  4:47  SCV x2  
  50  4:56  Marine x2, Supply Depot  
  50  4:59  SCV x2, Siege Tank  
  57  5:01  Banshee  
  60  5:22  Marine x2  
  61  5:31  Siege Tank  
  54  5:57  Marine  
  54  5:58  Marine  
  54  6:00  Banshee  
  54  6:02  Cloaking Field  
  54  6:03  Siege Tank  
  61  6:08  Armory, Factory  
  61  6:09  SCV x2  
  63  6:20  Command Center  
  63  6:21  SCV  
  64  6:33  Supply Depot x2  
  64  6:35  Siege Tank, Supply Depot  
  64  6:36  Engineering Bay  
  64  7:03  Raven  
  64  7:07  Siege Tank  
  69  7:10  Factory Tech Lab  
  69  7:11  Terran Vehicle Weapons Level 1  
  69  7:17  Armory  
  69  7:18  Factory  
  69  7:43  Marine x2  
  71  7:46  Raven, Thor  
  76  8:04  Factory Tech Lab  
  73  8:08  Thor  
  79  8:14  Orbital Command  
  79  8:15  SCV x2  
  75  8:27  SCV x2  
  75  8:39  SCV  
  75  8:40  SCV  
  67  8:45  Banshee  
  62  8:48  SCV  
  62  8:51  SCV  
  62  8:52  Refinery, SCV, Siege Tank  
  68  9:01  SCV  
  69  9:04  SCV x2  
  69  9:06  Terran Ship Weapons Level 1  
  69  9:07  Refinery  
  71  9:13  SCV  
  71  9:16  SCV x2  
  74  9:25  SCV  
  74  9:28  SCV x2, Banshee  
  80  9:31  Starport  
  80  9:33  Terran Vehicle Weapons Level 2, Factory  
  80  9:36  Thor  
  86  9:40  Siege Tank  
  89  9:52  SCV  
  90  9:53  SCV x2  
  92  10:04  SCV  
  93  10:13  Banshee  
  93  10:35  Thor  
  90  10:36  Thor, Siege Tank  
  105  10:57  SCV x3  
  105  11:00  Sensor Tower  
  107  11:07  Starport Tech Lab, Hyperflight Rotors  
  107  11:09  SCV, Terran Vehicle And Ship Armor Level 1  
  101  11:17  SCV  
  101  11:18  SCV  
  103  11:21  SCV  
  104  11:30  SCV  
  105  11:56  Thor x2  
  117  12:01  Supply Depot  
  117  12:03  Factory Reactor, Supply Depot  
  117  12:04  Supply Depot  
  117  12:12  Siege Tank  
  92  12:26  Supply Depot  
  92  12:27  Supply Depot  
  92  12:29  Supply Depot  
  71  12:31  SCV x2  
  71  12:32  SCV  
  74  12:39  Command Center  
  74  12:43  SCV  
  74  12:44  SCV x2  
  83  12:47  Hellbat x2  
  99  12:55  SCV  
  99  12:56  SCV x2  
Show
View Real Time Build Order
Export as new Build Order

MathewP Protoss - Winner!

Build Orders: 1 Gate Expand 

Get SALT Encoding   

  12  0:00  Probe  
  13  0:13  Probe  
  14  0:18  Pylon  
  14  0:25  Probe  
  15  0:37  Gateway  
  15  0:46  Probe  
  15  0:49  Assimilator  
  16  1:19  Probe  
  16  1:20  Nexus  
  17  1:27  Cybernetics Core  
  17  1:39  Probe (Chrono Boost)  
  18  1:41  Zealot  
  20  1:51  Probe (Chrono Boost)  
  21  1:56  Probe (Chrono Boost)  
  22  2:02  Warp Gate (Chrono Boost)  
  22  2:06  Probe  
  23  2:11  Assimilator  
  23  2:18  Pylon  
  23  2:30  Stalker (Chrono Boost)  
  23  2:32  Probe  
  23  2:36  Probe  
  27  2:47  Probe  
  28  2:51  Stalker (Chrono Boost)  
  28  2:54  Gateway  
  30  3:05  Probe  
  31  3:15  Stargate  
  31  3:23  Forge  
  31  3:33  Probe x2  
  33  3:35  Stalker  
  35  3:45  Probe  
  35  3:46  Probe, Assimilator  
  37  3:49  Protoss Air Weapons Level 1 (Chrono Boost)  
  37  3:50  Assimilator  
  37  3:51  Void Ray (Chrono Boost)  
  37  3:57  Probe  
  37  3:58  Probe  
  43  4:03  Protoss Ground Weapons Level 1 (Chrono Boost)  
  43  4:13  Probe  
  43  4:14  Probe  
  45  4:25  Probe  
  46  4:33  Pylon  
  46  4:36  Pylon  
  46  4:45  Void Ray  
  46  4:51  Probe x2  
  52  5:03  Probe x2  
  54  5:15  Probe  
  55  5:22  Void Ray  
  57  5:30  Probe x2  
  59  5:37  Stargate x2  
  59  5:42  Probe x2  
  61  5:48  Protoss Air Armor Level 1 (Chrono Boost)  
  61  5:50  Nexus  
  61  5:52  Pylon  
  61  5:54  Probe  
  62  6:13  Probe x2, Fleet Beacon  
  64  6:19  Void Ray  
  64  6:32  Probe  
  69  6:33  Probe  
  70  6:48  Twilight Council, Assimilator  
  70  6:52  Assimilator  
  70  6:56  Void Ray, Flux Vanes  
  70  7:02  Probe x2  
  76  7:11  Pylon, Robotics Facility  
  76  7:15  Protoss Shields Level 1 (Chrono Boost)  
  76  7:29  Void Ray  
  76  7:30  Probe x2, Void Ray  
  76  7:31  Probe  
  76  7:35  Pylon  
  76  7:36  Pylon  
  87  7:38  Pylon  
  87  7:42  Probe x2  
  87  7:43  Probe  
  90  7:46  Charge (Chrono Boost)  
  90  7:49  Cybernetics Core  
  90  7:54  Probe  
  90  7:55  Probe x2  
  93  8:02  Zealot  
  93  8:03  Zealot, Protoss Air Weapons Level 2 (Chrono Boost)  
  97  8:06  Probe  
  97  8:07  Probe  
  97  8:08  Probe  
  100  8:13  Observer  
  100  8:19  Probe x2  
  103  8:21  Probe  
  103  8:22  Pylon  
  104  8:29  Zealot x2  
  108  8:37  Void Ray (Chrono Boost)  
  108  8:44  Nexus  
  108  8:47  Void Ray x2 (Chrono Boost), Assimilator  
  120  8:51  Assimilator  
  120  8:54  Pylon  
  120  9:07  Probe x2  
  120  9:09  Probe, Void Ray  
  123  9:14  Zealot x2  
  131  9:19  Probe  
  132  9:27  Protoss Ground Armor Level 1 (Chrono Boost)  
  132  9:29  Pylon  
  132  9:30  Pylon  
  132  9:33  Pylon  
  132  9:34  Pylon  
  132  9:38  Gateway  
  132  9:40  Gateway  
  132  9:41  Void Ray x2  
  132  9:43  Gateway  
  132  9:45  Pylon  
  132  9:52  Stargate  
  140  9:54  Protoss Air Armor Level 2 (Chrono Boost)  
  140  9:58  Probe  
  140  9:59  Probe x2  
  143  10:06  Zealot x2  
  139  10:24  Probe (Chrono Boost)  
  140  10:30  Unknown  
  140  10:34  Probe (Chrono Boost)  
  141  10:39  Probe (Chrono Boost)  
  128  10:50  Nexus  
  128  10:54  Tempest x2 (Chrono Boost)  
  143  11:02  Probe  
  143  11:03  Tempest x2 (Chrono Boost)  
  148  11:31  Probe  
  149  11:34  Zealot x5  
  149  11:36  Tempest x2  
  169  11:43  Tempest  
  170  11:54  Zealot  
  170  11:56  Zealot  
  173  12:07  Pylon  
  173  12:08  Pylon  
  173  12:10  Pylon  
  173  12:12  Pylon  
  173  12:26  Photon Cannon  
  173  12:31  Photon Cannon  
  173  12:35  Photon Cannon  
  173  12:38  Photon Cannon  
  173  12:41  Photon Cannon  
Tags
 
Add a new tag
Caveats
  • Supply blocks, unpowered buildings, or Contaminate may cause inaccurate times.
  • Supply counts are checked every 10 seconds.